AoeStats
← MooseMooch

Arabia

508854428Analyzed
1v1 RM · 7d ago on Sep 24, 2026· 49m 9s· 2 players
Game mode
Random Map
Map size
Tiny (2 player)
Population
200
Speed
Normal
Resources
Standard
Victory
Conquest
Starting age
Dark Age
Ending age
Imperial Age
RankedLock teamsTeams togetherTeam positionsShared explorationLock speedFull tech treeHidden civsTurbo modeCheats
Victory
Defeat
🇫🇷 Magyars · France
1223
+16
🇩🇪 Portuguese · Germany
1219
-16
MooseMooch
6:53 Loom
9:41 Feudal Age
10:46 Double-Bit Axe
11:00 Horse Collar
15:17 Fletching
17:46 Wheelbarrow
22:28 Castle Age
21:52 Bloodlines
21:48 Scale Barding Armor
22:28 Gold Mining
22:32 Crossbowman
23:13 Bodkin Arrow
26:13 Ballistics
26:14 Husbandry
27:41 Bow Saw
31:35 Imperial Age
30:23 Thumb Ring
30:25 Padded Archer Armor
32:20 Bracer
33:44 Chemistry
32:49 Pikeman
33:52 Arbalester
34:54 Arbalester
43:46 Scale Mail Armor
44:13 Leather Archer Armor
46:17 Halberdier
47:23 Elite Skirmisher
vN eRaaz
3:30 Loom
5:41 Loom
9:33 Feudal Age
10:44 Double-Bit Axe
15:14 Horse Collar
20:39 Castle Age
20:36 Fletching
21:00 Bloodlines
22:36 Husbandry
25:16 Padded Archer Armor
26:49 Scale Barding Armor
29:28 Wheelbarrow
31:19 Chain Barding Armor
36:01 Gold Mining
42:20 Imperial Age
42:14 Bodkin Arrow
43:13 Gold Shaft Mining
42:58 Cavalier
47:49 Ballistics
Connection lost

Rejoining the realm…

Still unreachable

The connection could not be restored.

Session expired

The server has moved on; the page needs a fresh start.